 Dungeon Crawl Stone Soup version 0.24-a0-582-g4d4af813a0 (webtiles) character file.

Game seed: 10128829587855761649

27 Potatiko the Ruffian (level 2, -2/29 HPs)
             Began as a Troll Berserker on Aug 27, 2019.
             Was a Follower of Trog.
             Killed from afar by a white imp (8 damage)
             ... with a puff of frost
             ... summoned by Natasha
             ... on level 1 of the Dungeon.
             The game lasted 00:10:22 (946 turns).

Potatiko the Ruffian (Troll Berserker)               Turns: 946, Time: 00:10:22

Health: -2/29      AC:  6    Str: 24    XL:     2   Next: 93%
Magic:  1/1        EV: 10    Int:  3    God:    Trog [*.....]
Gold:   40         SH:  0    Dex:  9    Spells: 1/1 levels left

rFire    . . .     SeeInvis .     - Unarmed
rCold    . . .     Gourm    +   (no shield)
rNeg     . . .     Faith    .   a - +0 animal skin
rPois    .         Spirit   .   (helmet restricted)
rElec    .         Reflect  .   (no cloak)
rCorr    .         Harm     .   (gloves unavailable)
MR       .....                  (boots unavailable)
Stlth    +.........             (no amulet)
HPRegen  0.49/turn              (no ring)
MPRegen  0.07/turn              (no ring)

@: no status effects
A: large, unfitting armour, claws 3, fast metabolism 3, gourmand, regeneration
1, shaggy fur 1, tough skin 3
a: Berserk, Renounce Religion


You were on level 1 of the Dungeon.
You worshipped Trog.
Trog was aware of your devotion.
You were not hungry.

You visited 1 branch of the dungeon, and saw 2 of its levels.

You collected 40 gold pieces.

Inventory:

Hand Weapons
 i - a +1 antimagic dagger
Armour
 a - a +0 animal skin (worn)
 g - a +0 leather armour
 h - a +0 shield
 j - a +0 pair of boots
Scrolls
 c - a scroll of enchant weapon {unknown}
 d - a scroll of identify {unknown}
 e - a scroll of noise {unknown}
 f - a scroll of teleportation {unknown}
 k - a scroll of magic mapping {unknown}
Comestibles
 b - 4 rations


   Skills:
 + Level 2.7 Fighting
 + Level 2.8 Dodging
 + Level 3.5 Unarmed Combat


You had one spell level left.
You didn't know any spells.
Your spell library was empty.

Dungeon Overview and Level Annotations

Branches:
Dungeon (2/15)

Altars:

Annotations:
D:1 Natasha
D:2 Sigmund


Innate Abilities, Weirdness & Mutations

You are too large for most types of armour.
You have claws for hands.
Your metabolism is lightning-fast.
You like to eat raw meat.
Your natural rate of healing is unusually fast.
You are covered in fur. (AC +1)
You have extremely tough skin. (AC +3)


Message History

The shadow imp barely misses you. Natasha claws you.
* * * LOW HITPOINT WARNING * * *
The kobold barely misses you. Something hits you but does no damage.
The crimson imp blinks!
You climb upwards.
The crimson imp disappears in a puff of smoke!
The shadow imp disappears in a puff of smoke!
Reactivating autopickup.
There is a stone staircase leading down here.
Natasha claws you.
* * * LOW HITPOINT WARNING * * *
The kobold closely misses you.
Natasha wildly gestures.
You feel disoriented.
Natasha casts a spell.
You feel yourself speed up. The kobold hits you but does no damage.
The white imp gestures at you. The puff of frost hits you!
You die...

.....#.# #..#
.....#.#######..#
.....#.....#.#..#
.....#####.#.#..##
..##...#
#.#.รท...#
######.# #.#.#...#
#.# #...##..#
####)# ######..#
#....#### #5@#
#.......# #hK#
###.......# #.>#
..........# ####
###.......# #
#.......#
###.......#
##..#.##### #....#


You could see Natasha, a white imp and a kobold.

Vanquished Creatures
  A dart slug (D:1)
  A leopard gecko (D:1)
  A ball python (D:1)
  4 bats (D:1)
  A giant cockroach (D:2)
  4 hobgoblins (D:1)
  3 jackals (D:1)
  A frilled lizard (D:1)
  3 goblins (D:1)
  A kobold (D:1)
  2 rats (D:1)
22 creatures vanquished.

Notes
Turn   | Place    | Note
-------+----------+-------------------------------------------
     0 | D:1      | Potatiko the Troll Berserker began the quest for the Orb.
     0 | D:1      | Reached XP level 1. HP: 22/22 MP: 0/0
   238 | D:1      | Reached XP level 2. HP: 18/29 MP: 1/1
   931 | D:2      | Noticed Natasha
   931 | D:2      | Noticed Sigmund
   939 | D:2      | Noticed a crimson imp
   946 | D:1      | Killed from afar by a white imp

Levels and vault maps discovered:
D:1:      lemuel_arrival_funnel, layout_basic
D:2:      layout_rooms, nicolae_overflow_crystal_walls, uniq_natasha,
          uniq_sigmund

Action                   || total
-------------------------++-------
Melee: Club              ||    25
       Unarmed           ||    50
       Punch             ||     2
 Stab: Sleeping          ||     1
  Eat: Chunk             ||     7
Armor: Animal skin       ||    47
Dodge: Dodged            ||    36

Table legend:
 A = Non-vault XP
 B = Vault XP
 C = Vault XP percentage of total XP
 D = Non-vault monster count
 E = Vault monster count
 F = Vault count percentage of total count
                 A         B        C        D         E       F
            +---------+---------+-------+---------+---------+-------
      Total |      39 |       0 |   0.0 |      22 |       0 |   0.0
            +---------+---------+-------+---------+---------+-------
        D:1 |      37 |       0 |   0.0 |      21 |       0 |   0.0
        D:2 |       2 |       0 |   0.0 |       1 |       0 |   0.0
            +---------+---------+-------+---------+---------+-------
